 Dungeon Crawl Stone Soup version 0.30-a0-757-ga6a79fd877 (webtiles) character file.

Game seed: 11297445944050576779

291 bande the Covered (level 6, -12/38 HPs)
             Began as a Gargoyle Fighter on Feb 10, 2023.
             Mangled by an ogre
             ... wielding a +0 giant club
              (14 damage)
             ... on level 5 of the Dungeon.
             The game lasted 00:04:23 (3122 turns).

bande the Covered (Gargoyle Fighter)                Turns: 3122, Time: 00:04:23

Health: -12/38     AC: 15    Str: 19    XL:     6   Next: 32%
Magic:  6/6        EV:  7    Int:  9    God:
Gold:   200        SH:  4    Dex: 11    Spells: 5/5 levels left

rFire   + . .      SeeInvis .    a - +0 war axe
rCold   . . .      Faith    .    c - +0 buckler
rNeg    + . .      Spirit   .    s - +0 chain mail
rPois   ∞          Reflect  .    l - +0 helmet
rElec   +          Harm     .    (no cloak)
rCorr   .          Rampage  .    (no gloves)
Will    .....                    (no boots) Stlth
                                 o - amulet of regeneration
HPRegen 1.06/turn                i - ring of protection from fire
MPRegen 0.10/turn                (no ring)

@: no status effects
A: sickness immunity, AC +4, negative energy resistance 1, electricity
resistance, torment resistance 1, petrification resistance
a: no special abilities


You were on level 5 of the Dungeon.
You visited 1 branch of the dungeon, and saw 5 of its levels.

You collected 200 gold pieces.

Inventory:

Hand Weapons
 a - a +0 war axe (weapon)
Missiles
 j - 3 throwing nets (quivered)
Armour
 c - a +0 buckler (worn)
 l - a +0 helmet (worn)
 s - a +0 chain mail (worn)
Jewellery
 i - a ring of protection from fire (left hand)
 o - an amulet of regeneration (around neck)
Wands
 q - a wand of iceblast (6)
 x - a wand of digging (6)
 A - a wand of paralysis (9)
Scrolls
 b - 2 scrolls of torment {unknown}
 e - 5 scrolls of identify {unknown}
 g - 5 scrolls of teleportation {unknown}
 h - a scroll of enchant armour {unknown}
 m - 2 scrolls of noise {unknown}
 n - 3 scrolls of fog {unknown}
 v - a scroll of vulnerability {unknown}
 y - a scroll of magic mapping {unknown}
 z - a scroll of amnesia {unknown}
Potions
 d - a potion of might
 f - a potion of mutation {unknown}
 k - 2 potions of curing {unknown}
 p - 3 potions of flight {unknown}
 r - a potion of ambrosia {unknown}
 t - 3 potions of brilliance {unknown}
 u - a potion of lignification {unknown}
 w - 2 potions of heal wounds {unknown}


   Skills:
 + Level 4.0 Fighting
 + Level 4.1 Axes
 + Level 4.2 Armour
 + Level 4.0 Shields
 * Level 1.7 Evocations


You had 5 spell levels left.
You didn't know any spells.
Your spell library contained the following spells:

 Spells                   Type           Power      Damage    Failure   Level
 Foxfire                  Conj/Fire      0%         2x1d4     99%         1
 Shock                    Conj/Air       0%         1d3       99%         1
 Portal Projectile        Hex/Tloc       0%         N/A       100%        3
 Swiftness                Air            0%         N/A       100%        3
 Tukima's Dance           Hex            0%         N/A       100%        3
 Airstrike                Air            0%         2d(0-16)  100%        4
 Blade Hands              Tmut           0%         N/A       100%        5
 Fireball                 Conj/Fire      0%         3d3       100%        5
 Starburst                Conj/Fire      0%         6d3       100%        6


Dungeon Overview and Level Annotations

Branches:
Dungeon (5/15)
 Temple: D:4-7

Altars:
Zin

Shops:
D:2 ?


Innate Abilities, Weirdness & Mutations

You are immune to sickness and miasma.
Your stone body is resilient. (AC +4)
You are immune to poison.
You resist negative energy. (rN+)
You are resistant to electric shocks. (rElec)
You are resistant to unholy torment.
You are immune to petrification.


Message History

You block the adder's attack.
You hit the ogre.
The ogre is lightly wounded.
You hit the adder. The adder bites you. You block the ogre's attack.
The adder bites you but does no damage.
You hit the ogre.
The ogre is moderately wounded.
You closely miss the adder. The adder bites you but does no damage.
The ogre hits you with a +0 giant club!
A necrophage comes into view.
The adder bites you.
You hit the ogre.
The ogre is heavily wounded.
You closely miss the adder. The ogre hits you with a +0 giant club!
The adder bites you but does no damage.
You are too injured to fight recklessly!
You are too injured to fight recklessly!
You are too injured to fight recklessly!
You are too injured to fight recklessly!
You are too injured to fight recklessly!
You are too injured to fight recklessly!
You are too injured to fight recklessly!
Unknown command.
You barely miss the ogre.
The ogre is heavily wounded.
You closely miss the adder. The adder closely misses you.
The ogre hits you with a +0 giant club!
* * * LOW HITPOINT WARNING * * *
The adder bites you but does no damage.
You hit the ogre but do no damage.
The ogre is heavily wounded.
You miss the adder. The adder bites you but does no damage.
You block the ogre's attack. The adder bites you but does no damage.
Unknown command.
You slash the ogre!
The ogre is almost dead.
You miss the adder. The adder bites you.
* * * LOW HITPOINT WARNING * * *
The ogre hits you with a +0 giant club!
You die...

####..# #.# P . .....#
#.# ..#. #...# #.#
...( #...# #.#
....###...#####.#
.###...##.......######
.....n......#.........
.#.##S#.###....#......
..#.##@#.#
###.#.####..
#.....O..# #.#.# #.#
.....##.### #.#.# #.#
##.. #.# #.#.# #.# #.
#.# #.#.# #.# # ...
#.#.# #.# ... #. .#
#... ...


You could see an ogre, a necrophage and an adder.

Vanquished Creatures
  An ogre (D:4)
  A scorpion (D:5)
  Terence (D:3)
  4 adders (D:4)
  3 worms
  A dart slug (D:3)
  2 orcs (D:3)
  4 bats
  4 endoplasms
  5 giant cockroaches
  5 hobgoblins
  6 jackals
  4 quokkas
  5 ball pythons
  6 frilled lizards
  7 goblins
  5 kobolds
  3 rats
67 creatures vanquished.

Vanquished Creatures (others)
  5 plants
5 creatures vanquished.

Grand Total: 72 creatures vanquished

Notes
Turn   | Place    | Note
-------+----------+-------------------------------------------
     0 | D:1      | bande the Gargoyle Fighter began the quest for the Orb.
     0 | D:1      | Reached XP level 1. HP: 14/14 MP: 1/1
     3 | D:1      | Noticed an electric eel
     4 | D:1      | Noticed an electric eel
   107 | D:1      | Reached XP level 2. HP: 18/19 MP: 2/2
   375 | D:1      | Reached XP level 3. HP: 23/23 MP: 3/3
   703 | D:2      | Found Maptes's Magic Scroll Boutique.
  1709 | D:3      | Reached XP level 4. HP: 29/29 MP: 4/4
  1791 | D:3      | Noticed Terence
  1805 | D:3      | Killed Terence
  2126 | D:4      | Found a glowing silver altar of Zin.
  2154 | D:4      | Reached XP level 5. HP: 30/33 MP: 5/5
  2214 | D:4      | Reached skill level 1 in Evocations
  2458 | D:4      | Noticed an ogre
  2465 | D:4      | Killed an ogre
  2466 | D:4      | Reached XP level 6. HP: 20/38 MP: 6/6
  3042 | D:5      | Entered Level 5 of the Dungeon
  3122 | D:5      | Mangled by an ogre

Illustrated notes

Levels and vault maps discovered:
D:1:      arrival_aquarium_b, layout_basic, interstate_on_off
D:2:      layout_loops_ring, serial_shops, shop
D:3:      minmay_bubble_buster, layout_loops_ring, uniq_terence
D:4:      cheibrodos_old_hovel, layout_cave_pools, mainiacjoe_overflow_brackets,
          nicolae_figureground_pulse
D:5:      layout_loops_ring, overflow_temple_1_default, serial_bayou,
          serial_bayou_pond_d, serial_bayou_shore_b, serial_bayou_pond_b,
          serial_bayou_lagoon_a

Skill      XL: |  1  2  3  4  5  6 |
---------------+-------------------+-----
Axes           | 2 3 4 |  4.1
Armour         | 4 |  4.2
Evocations     | 1 |  1.7
Fighting       | 4 |  4.0
Shields        | 4 |  4.0

Action                     |  1- 3 |  4- 6 || total
---------------------------+-------+-------++-------
  Melee: War axe           |   132 |   116 ||   248
 Armour: Scale mail        |    11 |       ||    11
         Chain mail        |    64 |    81 ||   145
  Dodge: Dodged            |    45 |    42 ||    87
  Block: Buckler           |    30 |    29 ||    59

Table legend: (Time is in decaauts)
 A = Elapsed time spent in this place.
 B = Non-inter-level travel time spent in this place.
 C = Inter-level travel time spent in this place.
 D = Time resting spent in this place.
 E = Time spent auto-exploring this place.
 F = Levels seen in this place.
 G = Mean time per level.
                   A        B        C        D        E       F      G
               +--------+--------+--------+--------+--------+-----+--------+
         Total |   3225 |   3148 |     77 |    305 |   2140 |   5 |  645.0 |
       Dungeon |   3225 |   3148 |     77 |    305 |   2140 |   5 |  645.0 |
               +--------+--------+--------+--------+--------+-----+--------+

Top non-repeatable levels by time:
     D:4: 1008 daAuts
     D:3: 946 daAuts
     D:2: 657 daAuts
     D:1: 523 daAuts
     D:5: 89 daAuts
